 Dungeon Crawl Stone Soup version 0.29.1-13-g9f3cf754e1 (webtiles) character file.

Game seed: 3882431386071107359

23 H0rd4k the Charlatan (level 2, 0/19 HPs)
             Began as an Octopode Artificer on Feb 2, 2023.
             Constricted to death by a ball python (1 damage)
             ... on level 1 of the Dungeon.
             The game lasted 00:00:31 (564 turns).

H0rd4k the Charlatan (Octopode Artificer)            Turns: 564, Time: 00:00:32

Health: 0/19       AC:  1    Str: 11    XL:     2   Next: 95%
Magic:  3/4        EV: 10    Int: 13    God:
Gold:   13         SH:  0    Dex: 12    Spells: 3/3 levels left

rFire   . . .      SeeInvis .   (no weapon)
rCold   . . .      Faith    .   (no shield)
rNeg    . . .      Spirit   .   (helmet restricted)
rPois   .          Reflect  .   (no amulet)
rElec   .          Harm     .   (no ring)
rCorr   .          Rampage  .   (no ring)
Will    .....                   (no ring)
Stlth   +++.......              (no ring)
HPRegen 0.06/turn               (no ring)
MPRegen 0.09/turn               (no ring)
                                (no ring)
                                (no ring)

@: constricted
A: almost no armour, amphibious, 8 rings, camouflage 1, gelatinous body 1,
(nimble swimmer 1), tentacles
a: no special abilities


You were on level 1 of the Dungeon.
You visited 1 branch of the dungeon, and saw 1 of its levels.

You collected 13 gold pieces.

Inventory:

Wands
 b - a wand of flame (15) (quivered)
 c - a wand of charming (15)
 d - a wand of iceblast (5)
Scrolls
 a - a scroll of immolation {unknown}
 f - a scroll of acquirement {unknown}
 h - a scroll of teleportation {unknown}
Potions
 e - a potion of lignification {unknown}
 g - 2 potions of haste {unknown}


   Skills:
 * Level 1.9 Fighting
 - Level 2.3 Dodging
 - Level 1.3 Stealth
 + Level 0.6 Unarmed Combat
 * Level 1.3 Spellcasting
 - Level 3.2 Evocations


You had 3 spell levels left.
You didn't know any spells.
Your spell library was empty.

Dungeon Overview and Level Annotations

Branches:
Dungeon (1/15)

Altars:


Innate Abilities, Weirdness & Mutations

You cannot wear most types of armour.
You are amphibious.
You can wear up to eight rings at the same time.
Your skin changes colour to match your surroundings (Stealth+).
Your rubbery body absorbs attacks. (AC +1, EV +1)
((You are camouflaged when in or above water. (Stealth+)))
You have tentacles for arms and can constrict up to eight enemies at once.


Message History

You constrict the dart slug, but do no damage.
The dart slug barely misses you.
There are monsters nearby!
You tentacle-slap the ball python. Your grab misses the ball python.
Your squeeze misses the ball python.
The ball python is severely wounded.
You constrict the dart slug. The ball python closely misses you.
The ball python barely misses you. The dart slug bites you.
There are monsters nearby!
You are too injured to fight recklessly!
There are monsters nearby!
You are too injured to fight recklessly!
There are monsters nearby!
You are too injured to fight recklessly!
There are monsters nearby!
You are too injured to fight recklessly!
You are too injured to fight recklessly!
You tentacle-slap the dart slug.
The dart slug is moderately wounded.
You constrict the dart slug. The ball python closely misses you.
The ball python grabs you. The ball python constricts you.
You tentacle-slap the dart slug but do no damage.
You squeeze the dart slug.
You kill the dart slug!
The ball python bites you.
* * * LOW HITPOINT WARNING * * *
The ball python constricts you.
You barely miss the rat. You grab the rat. You constrict the rat.
The ball python barely misses you. The ball python constricts you.
* * * LOW HITPOINT WARNING * * *
The rat barely misses you. The ball python closely misses you.
The ball python constricts you.
* * * LOW HITPOINT WARNING * * *
You tentacle-slap the rat but do no damage.
Your squeeze misses the rat.
The rat is heavily wounded.
You constrict the rat.
You kill the rat!
The ball python misses you. The ball python constricts you.
You die...

~~.~~..~.~~##...##
♣♣♣
....~.~###~....####
.~._~~~~.~~..>.....
#~#####.8#~..#####.
~ ~.##~~...#
......~..#
.#$.....####
........†..##
###.######@S# .r.
##...# ... ....# ##
###.... #... .(. ..


You could see a ball python.

Vanquished Creatures
  A dart slug (D:1)
  An endoplasm (D:1)
  A giant cockroach (D:1)
  6 goblins (D:1)
  3 hobgoblins (D:1)
  A ball python (D:1)
  2 frilled lizards (D:1)
  2 kobolds (D:1)
  2 rats (D:1)
  A spectral hobgoblin (D:1)
20 creatures vanquished.

Notes
Turn   | Place    | Note
-------+----------+-------------------------------------------
     0 | D:1      | H0rd4k the Octopode Artificer began the quest for the Orb.
     0 | D:1      | Reached XP level 1. HP: 13/13 MP: 1/1
   155 | D:1      | Reached XP level 2. HP: 14/18 MP: 1/3
   158 | D:1      | Reached skill level 1 in Spellcasting
   458 | D:1      | Found a faded altar of an unknown god.
   564 | D:1      | Constricted to death by a ball python

Illustrated notes

Levels and vault maps discovered:
D:1:      nagdon_arrival_double_spiral, layout_rooms,
          dreamdust_ecumenical_altar_drowned_temple

Skill      XL: |  1  2 |
---------------+-------+-----
Spellcasting   | 1 |  1.3
Fighting       | |  1.9
Dodging        | |  2.3
Stealth        | |  1.3
Unarmed Combat | |  0.6
Evocations     | |  3.2

Action                   || total
-------------------------++-------
Melee: Unarmed           ||    50
       Tentacles         ||    10
       Constrict         ||    12
 Stab: Sleeping          ||     8
Armor: Skin              ||     3
Dodge: Dodged            ||    28
